 Dungeon Crawl Stone Soup version 0.30-a0-6-g7c9e10e132 (webtiles) character file.

Game seed: 10130966037119739207

395 yokelz the Slasher (level 6, -1/50 HPs)
             Began as a Palentonga Fighter on Aug 22, 2022.
             Was a Follower of Wu Jian.
             Slain by a gnoll
             ... wielding a +0 halberd
              (5 damage)
             ... on level 5 of the Dungeon.
             The game lasted 00:06:16 (3898 turns).

yokelz the Slasher (Palentonga Fighter)             Turns: 3898, Time: 00:06:16

Health: -1/50      AC: 11    Str: 23    XL:     6   Next: 52%
Magic:  6/6        EV:  4    Int:  8    God:    Wu Jian [*.....]
Gold:   173        SH:  5    Dex: 16    Spells: 5/5 levels left

rFire   . . .      SeeInvis +    r - +0 scimitar
rCold   . . .      Faith    .    c - +0 buckler
rNeg    . . .      Spirit   .    s - +0 plate armour
rPois   .          Reflect  .    (no helmet)
rElec   .          Harm     .    (no cloak)
rCorr   .          Rampage  .    m - +1 pair of gloves
Will    .....                    (no barding)
Stlth   ..........               (no amulet)
HPRegen 0.16/turn                y - +6 ring of dexterity
MPRegen 0.10/turn                (no ring)

@: no status effects
A: large, rugged brown scales 3, see invisible, deformed body, roll 1, armoured
tail
a: Rolling Charge, Renounce Religion


You were on level 5 of the Dungeon.
You worshipped Wu Jian.
Wu Jian was aware of your devotion.
You visited 1 branch of the dungeon, and saw 5 of its levels.

You collected 187 gold pieces.
You spent 14 gold pieces at shops.

Inventory:

Hand Weapons
 a - a +0 flail
 r - a +0 scimitar (weapon)
Armour
 b - a +0 scale mail
 c - a +0 buckler (worn)
 m - a +1 pair of gloves (worn)
 s - a +0 plate armour (worn)
Jewellery
 y - a +6 ring of dexterity (left hand)
Scrolls
 f - a scroll of silence {unknown}
 i - 4 scrolls of vulnerability
 k - a scroll of poison
 n - 2 scrolls of noise
 q - a scroll of blinking
 t - 2 scrolls of teleportation
 x - a scroll of identify
 z - a scroll of brand weapon {unknown}
Potions
 d - 2 potions of might
 e - a potion of resistance {unknown}
 g - 2 potions of brilliance {unknown}
 h - a potion of lignification {unknown}
 j - 2 potions of degeneration {unknown}
 l - 2 potions of heal wounds {unknown}
 o - a potion of mutation {unknown}
 p - a potion of curing {unknown}
 u - 2 potions of attraction {unknown}
 v - 2 potions of flight {unknown}
 w - a potion of magic {unknown}


   Skills:
 - Level 3.0 Fighting
 + Level 5.7 Long Blades
 - Level 3.8 Maces & Flails
 - Level 2.4 Armour
 - Level 2.6 Shields


You had 5 spell levels left.
You didn't know any spells.
Your spell library contained the following spells:

 Spells                   Type           Power      Damage    Failure   Level
 Summon Lightning Spire   Summ/Air       0%         N/A       100%        4
 Storm Form               Tmut/Air       0%         N/A       100%        7
 Maxwell's Capacitive Co  Air            0%         ∞         100%        8


Dungeon Overview and Level Annotations

Branches:
Dungeon (5/15)
 Temple: D:4-7

Altars:
Wu Jian
Zin

Shops:
D:1 **((


Innate Abilities, Weirdness & Mutations

You are completely covered in rugged brown scales. (AC +3, +7% HP)
You have supernaturally acute eyesight. (SInv)
Armour fits poorly on your strangely shaped body.
You can roll at nearby foes to attack.
You have a long armoured tail.


Message History

The gnoll shouts!
A gnoll comes into view. It is wielding a +0 spear.
The gnoll shouts!
The gnoll hits you with a +0 spear.
Unknown command.
You spin to attack the gnoll, but your attack speed is too slow for a blow to land.
The gnoll barely misses you. x2
You slash the gnoll!
The gnoll is almost dead.
You block the gnoll's attack. The gnoll hits you but does no damage.
You block the gnoll's attack.
You slash the gnoll!
You kill the gnoll!
The Council accepts your kill. The gnoll barely misses you.
The gnoll hits you but does no damage.
You slash the gnoll!
The gnoll is heavily wounded.
The gnoll barely misses you.
The gnoll hits you from afar with a +0 halberd!
You hit the gnoll.
Your tail-slap misses the gnoll.
The gnoll is severely wounded.
The gnoll completely misses you.
The gnoll hits you from afar with a +0 halberd!
The gnoll hits you with a +0 flail!
You hit the gnoll.
The gnoll is severely wounded.
The gnoll hits you from afar with a +0 halberd.
The gnoll hits you but does no damage.
You hit the gnoll.
Your tail-slap misses the gnoll.
The gnoll is almost dead.
The gnoll hits you from afar with a +0 halberd!
* * * LOW HITPOINT WARNING * * *
The gnoll hits you but does no damage. x2
The gnoll attacks as you move away! The gnoll hits you with a +0 flail.
* * * LOW HITPOINT WARNING * * *
You slash the gnoll!
You kill the gnoll!
The Council accepts your kill.
The gnoll hits you from afar with a +0 halberd.
You die...

## . . #≈.
#####.#
#≈..~#...#.#
#≈...gg)...#
#≈..~###@###
#≈.~. #.#<#
#≈## #.#.# #
#.#.# #...#
#####


You could see 2 gnolls.

Vanquished Creatures
  2 howler monkeys
  A hound (D:4)
  4 orc priests
  An iguana (D:4)
  An orc wizard (D:4)
  2 gnolls (D:5)
  3 adders
  2 shadow imps (D:3)
  An ufetubus (D:4)
  A worm (D:2)
  2 dart slugs
  3 orcs (D:4)
  5 bats
  6 endoplasms
  2 giant cockroaches
  2 goblins
  2 hobgoblins (D:2)
  7 jackals
  2 quokkas
  4 ball pythons
  3 frilled lizards
  7 kobolds
  5 rats
68 creatures vanquished.

Vanquished Creatures (others)
  A plant (D:3)
1 creature vanquished.

Grand Total: 69 creatures vanquished

Notes
Turn   | Place    | Note
-------+----------+-------------------------------------------
     0 | D:1      | yokelz the Palentonga Fighter began the quest for the Orb.
     0 | D:1      | Reached XP level 1. HP: 19/19 MP: 1/1
    12 | D:1      | Found Suusm's General Store.
    57 | D:1      | Found Zizidek's Assorted Antiques.
    63 | D:1      | Bought a sedimented coppery potion for 14 gold pieces
   195 | D:1      | Found a faded altar of an unknown god.
   304 | D:1      | Found Goreppon's Weapon Shoppe.
   309 | D:1      | Found Zaunn's Weapon Boutique.
   366 | D:1      | Reached XP level 2. HP: 21/25 MP: 2/2
   817 | D:2      | Reached XP level 3. HP: 7/31 MP: 3/3
  1679 | D:3      | Found a transporter.
  2189 | D:3      | Found an ornate altar of the Wu Jian Council.
  2219 | D:3      | Found a glowing silver altar of Zin.
  2244 | D:3      | Became a worshipper of the Wu Jian Council
  2356 | D:3      | Reached skill level 1 in Long Blades
  2412 | D:3      | Found a transporter.
  2442 | D:3      | Reached skill level 2 in Long Blades
  2442 | D:3      | Reached XP level 4. HP: 37/37 MP: 4/4
  2630 | D:3      | Reached skill level 3 in Long Blades
  2630 | D:3      | Reached XP level 5. HP: 43/43 MP: 5/5
  3030 | D:4      | Reached skill level 4 in Long Blades
  3314 | D:4      | Reached XP level 6. HP: 49/50 MP: 6/6
  3318 | D:4      | Reached skill level 5 in Long Blades
  3320 | D:4      | Reached * piety under Wu Jian
  3615 | D:4      | Identified the +4 sling "Palynkes" {vorpal, rC+ MP-9 SInv}
  3878 | D:5      | Entered Level 5 of the Dungeon
  3898 | D:5      | Slain by a gnoll

Illustrated notes

Levels and vault maps discovered:
D:1:      minmay_arrival_cross, layout_rooms, serial_shops, shop,
          nicolae_shop_advertising_works [nicolae_subvault_shop_adworks],
          shop_fountains, shop, hellmonk_ecumenical_altar_inner_sanctum,
          chequers_serial_rivers_micro_b
D:2:      layout_basic, mrwooster_statue_mirror
D:3:      gammafunk_wand_slinger, layout_basic, mainiacjoe_overflow_two_lobes,
          reono_crystal_passage
D:4:      layout_basic
D:5:      layout_basic, minmay_temple_entry_enclosed_plants,
          chequers_serial_rivers_micro_e

Skill      XL: |  1  2  3  4  5  6 |
---------------+-------------------+-----
Maces & Flails | 3 |  3.8
Long Blades    | 2 3 4 5 |  5.7
Fighting       | |  3.0
Armour         | |  2.4
Shields        | |  2.6

Action                   |  1- 3 |  4- 6 || total
-------------------------+-------+-------++-------
Melee: Flail             |    79 |       ||    79
       Tailslap          |     8 |     9 ||    17
       Scimitar          |    34 |    87 ||   121
Invok: Lunge             |     1 |     5 ||     6
       Whirlwind         |       |     1 ||     1
 Abil: Rolling Charge    |     2 |       ||     2
Evoke: Wand              |     3 |    12 ||    15
  Use: Scroll            |       |     5 ||     5
Armor: Scale mail        |    52 |       ||    52
       Plate armour      |    19 |    63 ||    82
Dodge: Dodged            |    35 |    19 ||    54
Block: Buckler           |    29 |    15 ||    44

Table legend: (Time is in decaauts)
 A = Elapsed time spent in this place.
 B = Non-inter-level travel time spent in this place.
 C = Inter-level travel time spent in this place.
 D = Time resting spent in this place.
 E = Time spent auto-exploring this place.
 F = Levels seen in this place.
 G = Mean time per level.
                   A        B        C        D        E       F      G
               +--------+--------+--------+--------+--------+-----+--------+
         Total |   3953 |   3802 |    151 |    752 |   2376 |   5 |  790.6 |
       Dungeon |   3953 |   3802 |    151 |    752 |   2376 |   5 |  790.6 |
               +--------+--------+--------+--------+--------+-----+--------+

Top non-repeatable levels by time:
     D:3: 1566 daAuts
     D:1: 913 daAuts
     D:2: 732 daAuts
     D:4: 720 daAuts
     D:5: 20 daAuts
